 Dungeon Crawl Stone Soup version 0.18.1-48-g4cf74bf (webtiles) character file.

122 PossumBlood the Skirmisher (level 4, -4/44 HPs)
             Began as a Minotaur Fighter on Aug 20, 2016.
             Slain by rlgrobin's ghost (19 damage)
             ... on level 3 of the Dungeon.
             The game lasted 00:03:36 (1951 turns).

PossumBlood the Skirmisher (Minotaur Fighter)       Turns: 1951, Time: 00:03:37

Health: -4/44      AC:  7    Str: 21    XL:     4   Next: 78%
Magic:  3/3        EV:  7    Int:  5    God:
Gold:   54         SH:  9    Dex: 10    Spells: 0 memorised, 3 levels left

rFire  . . .     SeeInvis .     i - +1 hand axe (elec)
rCold  . . .     Gourm    .     b - +0 scale mail
rNeg   . . .     Faith    .     c - +0 shield
rPois  .         Spirit   .     (helmet restricted)
rElec  .         Dismiss  .     (no cloak)
rCorr  .         Reflect  .     (no gloves)
SustAt .         Harm     .     (no boots)
MR     .....                    (no amulet)
Stlth  ..........               (no ring)
                                (no ring)

@: drained, not resistant to hostile enchantments, extremely unstealthy
A: retaliatory headbutt, horns 2
a: no special abilities


You were on level 3 of the Dungeon.
You were not hungry.

You visited 1 branch of the dungeon, and saw 3 of its levels.

You collected 54 gold pieces.

Inventory:

Hand Weapons
 i - a +1 hand axe of electrocution (weapon)
Armour
 b - a +0 scale mail (worn)
 c - a +0 shield (worn)
Wands
 m - a wand of digging (1/24)
Scrolls
 a - 3 scrolls of remove curse {unknown}
 e - a scroll of amnesia {unknown}
 j - a scroll of fear {unknown}
 n - 2 scrolls of identify {unknown}
 o - a scroll of fog {unknown}
 q - a scroll of recharging {unknown}
 r - a scroll of noise {unknown}
Potions
 d - 2 potions of might
 g - 3 potions of agility {unknown}
 h - a potion of beneficial mutation {unknown}
 k - a potion of heal wounds {unknown}
 l - 2 potions of curing {unknown}
 p - a potion of haste {unknown}
Comestibles
 f - 4 bread rations
 s - 5 fruits


   Skills:
 * Level 5.9(5.7) Fighting
 - Level 2.4(2.2) Axes
 + Level 4.8(4.6) Armour
 - Level 3.6(3.4) Shields


You had 3 spell levels left.
You didn't know any spells.

Dungeon Overview and Level Annotations

Branches:
Dungeon (3/15)

Altars:
Fedhas
Pakellas

Annotations:
D:3 rlgrobin's ghost, amateur DsCK


Innate Abilities, Weirdness & Mutations

You reflexively headbutt those who attack you in melee.
You have a pair of horns on your head.


Message History

You feel drained.
You hit rlgrobin's ghost but do no damage.
There is a sudden explosion of sparks!
You headbutt rlgrobin's ghost!
Rlgrobin's ghost is almost destroyed.
Rlgrobin's ghost hits you! Rlgrobin's ghost burns you.
You block rlgrobin's ghost's attack.
You hit rlgrobin's ghost but do no damage.
Rlgrobin's ghost is almost destroyed.
You block rlgrobin's ghost's attack.
You hit rlgrobin's ghost but do no damage.
Rlgrobin's ghost is almost destroyed.
Rlgrobin's ghost hits you.
You hit rlgrobin's ghost. Your headbutt misses rlgrobin's ghost.
Rlgrobin's ghost is almost destroyed.
Rlgrobin's ghost hits you. Rlgrobin's ghost burns you.
Your shield and scale mail prevent you from hitting rlgrobin's ghost.
You headbutt rlgrobin's ghost, but do no damage.
Rlgrobin's ghost is almost destroyed.
Rlgrobin's ghost hits you!
You are electrocuted!
You die...

#.. #.# #.. #.###
#..###...
##....#.#
#.......#
#.#(#.#.# # #.#.##
# #.#<#..#######.#
#.#.###....@W....#
......#..###.###.#
#.....(....#.#
######.†.###.#
.......))# ..
######.#)# .#
#.#........
#.#.#.#.###
#...#...


You could see rlgrobin's ghost.

Vanquished Creatures
  3 gnolls (D:3)
  2 adders (D:2)
  An ooze (D:1)
  2 worms (D:2)
  A dart slug (D:1)
  2 giant geckos (D:1)
  3 bats
  3 giant cockroaches
  10 goblins
  8 hobgoblins
  10 kobolds
  A ball python (D:2)
  4 giant newts
  13 rats
  A bush (D:1)
  A plant (D:1)
65 creatures vanquished.

Vanquished Creatures (others)
  A plant (D:1)
1 creature vanquished.

Grand Total: 66 creatures vanquished

Notes
Turn   | Place    | Note
--------------------------------------------------------------
     0 | D:1      | PossumBlood the Minotaur Fighter began the quest for the Orb.
     0 | D:1      | Reached XP level 1. HP: 19/19 MP: 0/0
    88 | D:1      | Reached skill level 4 in Fighting
   277 | D:1      | Reached XP level 2. HP: 25/27 MP: 1/1
   871 | D:1      | Reached XP level 3. HP: 32/34 MP: 2/2
  1299 | D:2      | Reached skill level 5 in Fighting
  1376 | D:2      | Found an oddly glowing altar of Pakellas.
  1515 | D:2      | Reached XP level 4. HP: 41/42 MP: 3/3
  1703 | D:2      | Found a blossoming altar of Fedhas.
  1940 | D:3      | Noticed rlgrobin's ghost (amateur DsCK)
  1951 | D:3      | Slain by rlgrobin's ghost

Skill      XL: |  1  2  3 |
---------------+----------+-----
Fighting       | 4 5 |  5.9
Armour         | 4 |  4.8
Axes           | |  2.4
Shields        | |  3.6

Action                   |  1- 3 |  4- 6 || total
-------------------------+-------+-------++-------
Melee: War axe           |    41 |       ||    41
       Hand axe          |    78 |    43 ||   121
       Headbutt          |    15 |     7 ||    22
  Eat: Bread ration      |     1 |       ||     1
Armor: Scale mail        |    45 |    16 ||    61
Dodge: Dodged            |    23 |    10 ||    33
Block: Shield            |    62 |    22 ||    84
